 Dungeon Crawl Stone Soup version 0.25.0-26-g0c896c7088 (webtiles) character file.

Game seed: 16133204516655926654

266 Delamore the Cudgeler (level 6, -1/37 HPs)
             Began as a Gargoyle Fighter on July 3, 2020.
             Killed by divine providence
             ... invoked by an orc priest
              (12 damage)
             ... on level 3 of the Dungeon.
             The game lasted 00:01:53 (2632 turns).

Delamore the Cudgeler (Gargoyle Fighter)            Turns: 2632, Time: 00:01:54

Health: -1/37      AC: 11    Str: 22    XL:     6   Next: 20%
Magic:  6/6        EV:  7    Int:  8    God:
Gold:   64         SH:  9    Dex:  9    Spells: 5/5 levels left

rFire    . . .     SeeInvis .   p - +2 flail (venom)
rCold    . . .     Gourm    .   c - +0 kite shield
rNeg     + . .     Faith    .   b - +0 scale mail
rPois    ∞         Spirit   .   (no helmet)
rElec    +         Reflect  .   (no cloak)
rCorr    .         Harm     .   (no gloves)
MR       .....     Rnd*Tele +   (no boots)
Stlth    ..........             (no amulet)
HPRegen  0.12/turn              h - ring of poison resistance
MPRegen  0.10/turn              l - ring of teleportation (curse)

@: no status effects
A: negative energy resistance 1, electricity resistance, unbreathing,
petrification resistance, rot immunity, AC +4
a: no special abilities


You were on level 3 of the Dungeon.
You were not hungry.

You visited 1 branch of the dungeon, and saw 3 of its levels.

You collected 64 gold pieces.

Inventory:

Hand Weapons
 a - a +0 flail
 p - a +2 flail of venom (weapon)
Armour
 b - a +0 scale mail (worn)
 c - a +0 kite shield (worn)
Jewellery
 h - a ring of poison resistance (left hand)
 l - a cursed ring of teleportation (right hand)
Scrolls
 j - a scroll of enchant weapon {unknown}
 k - a scroll of teleportation {unknown}
 m - a scroll of fog {unknown}
 o - a scroll of remove curse {unknown}
 q - a scroll of identify {unknown}
Potions
 d - a potion of might
 e - 3 potions of heal wounds {unknown}
 i - 2 potions of flight {unknown}
 n - a potion of curing {unknown}
 r - a potion of degeneration {unknown}
Comestibles
 f - a ration
 g - a chunk of flesh


   Skills:
 - Level 3.2 Fighting
 + Level 6.3 Maces & Flails
 - Level 3.2 Armour
 - Level 3.2 Shields


You had 5 spell levels left.
You didn't know any spells.
Your spell library was empty.

Dungeon Overview and Level Annotations

Branches:
Dungeon (3/15)

Altars:
Hepliaklqana
Uskayaw


Innate Abilities, Weirdness & Mutations

You are resistant to torment.
Your stone body is resilient. (AC +4)
You are immune to poison.
You resist negative energy. (rN+)
You are resistant to electric shocks. (rElec)
You can survive without breathing.
You are immune to petrification.
You are immune to rotting.


Message History

The orc hits you but does no damage.
You closely miss the orc.
The orc is moderately wounded.
The orc closely misses you.
The orc priest miscasts a cantrip.
You hit the orc.
The orc is poisoned.
The orc is heavily wounded.
The orc hits you but does no damage.
The orc priest casts a cantrip, but nothing happens.
You hit the orc.
You kill the orc!
Your shield prevents you from hitting the orc priest.
You block the orc priest's attack.
You barely miss the orc priest.
The orc priest invokes the aid of Beogh against you.
Beogh smites you!
* * * LOW HITPOINT WARNING * * *
The orc priest calls down the wrath of Beogh upon you.
Beogh smites you!
You die...

###########.#
#.......@oo.#
#.###########
###


You could see 2 orc priests.

Vanquished Creatures
  A crimson imp (D:2)
  Natasha (thrice) (D:2)
  A gnoll (D:1)
  5 adders
  2 oozes
  A worm (D:3)
  3 dart slugs
  2 leopard geckos
  10 orcs (D:3)
  3 giant cockroaches
  8 goblins
  11 hobgoblins
  4 jackals (D:3)
  A quokka (D:2)
  3 ball pythons (D:2)
  6 bats
  5 frilled lizards
  2 kobolds
  4 rats
75 creatures vanquished.

Notes
Turn   | Place    | Note
-------+----------+-------------------------------------------
     0 | D:1      | Delamore the Gargoyle Fighter began the quest for the Orb.
     0 | D:1      | Reached XP level 1. HP: 14/14 MP: 1/1
    87 | D:1      | Reached XP level 2. HP: 16/19 MP: 2/2
   271 | D:1      | Reached skill level 3 in Maces & Flails
   353 | D:1      | Reached XP level 3. HP: 23/23 MP: 3/3
  1150 | D:2      | Reached skill level 4 in Maces & Flails
  1150 | D:2      | Reached XP level 4. HP: 15/28 MP: 4/4
  1456 | D:2      | Noticed Natasha
  1468 | D:2      | Killed Natasha
  1468 | D:2      | Reached skill level 5 in Maces & Flails
  1468 | D:2      | Reached XP level 5. HP: 22/32 MP: 5/5
  1533 | D:2      | Found a hide-covered altar of Uskayaw.
  1616 | D:2      | Noticed a +0 dagger
  1616 | D:2      | Noticed a +0 hand axe
  1821 | D:2      | Noticed Natasha
  1849 | D:2      | Killed Natasha
  2035 | D:2      | Noticed Natasha
  2050 | D:2      | Killed Natasha
  2050 | D:2      | Reached skill level 6 in Maces & Flails
  2314 | D:2      | Found a hazy altar of Hepliaklqana.
  2386 | D:3      | Reached XP level 6. HP: 28/37 MP: 6/6
  2632 | D:3      | Killed from afar by an orc priest

Illustrated notes

Levels and vault maps discovered:
D:1:      doesnt_arrival_eight_statues, layout_basic, roderic_lattice_a,
          minmay_distorted
D:2:      layout_basic, dancing_weapons_uskayaw, lemuel_doored_altar,
          uniq_natasha
D:3:      layout_loops_ring, fedhas_altar_2, nicolae_overflow_crystal_walls

Skill      XL: |  1  2  3  4  5 |
---------------+----------------+-----
Maces & Flails | 3 4 5 6 |  6.3
Fighting       | |  3.2
Armour         | |  3.2
Shields        | |  3.2

Action                   |  1- 3 |  4- 6 || total
-------------------------+-------+-------++-------
Melee: Flail             |   123 |   223 ||   346
  Eat: Chunk             |     1 |     5 ||     6
Armor: Scale mail        |    86 |   173 ||   259
Dodge: Dodged            |    30 |    98 ||   128
Block: Kite shield       |    73 |   138 ||   211
